 Dungeon Crawl Stone Soup version 0.19.0-24-gb05acd6 (webtiles) character file.

183 grisgris the Covered (level 5, -4/33 HPs)
             Began as a Gargoyle Fighter on Nov 21, 2016.
             Slain by an iguana (6 damage)
             ... on level 4 of the Dungeon.
             The game lasted 00:05:28 (2408 turns).

grisgris the Covered (Gargoyle Fighter)             Turns: 2408, Time: 00:05:29

Health: -4/33      AC: 13    Str: 26    XL:     5   Next: 62%
Magic:  5/5        EV:  8    Int:  8    God:
Gold:   117        SH: 10    Dex:  9    Spells: 0 memorised, 4 levels left

rFire  . . .     SeeInvis +     a - +0 flail
rCold  . . .     Gourm    .     b - +0 scale mail
rNeg   + . .     Faith    .     c - +0 shield
rPois  ∞         Spirit   .     t - +0 helmet
rElec  +         Reflect  .     s - +0 cloak
rCorr  .         Harm     .     (no gloves)
MR     .....                    (no boots)
Stlth  ..........               (no amulet)
                                (no ring)
                                n - ring of see invisible

@: mighty
A: negative energy resistance 1, electricity resistance, unbreathing,
petrification resistance, rot immunity, AC +4
a: no special abilities


You were on level 4 of the Dungeon.
You were hungry.

You visited 1 branch of the dungeon, and saw 4 of its levels.

You collected 117 gold pieces.

Inventory:

Hand Weapons
 a - a +0 flail (weapon)
Armour
 b - a +0 scale mail (worn)
 c - a +0 shield (worn)
 s - a +0 cloak (worn)
 t - a +0 helmet (worn)
Jewellery
 n - a ring of see invisible (left hand)
Scrolls
 g - 2 scrolls of enchant armour {unknown}
 h - 3 scrolls of teleportation {unknown}
 i - 2 scrolls of immolation {unknown}
 l - 6 scrolls of remove curse {unknown}
 o - a scroll of fear {unknown}
 q - 7 scrolls of identify {unknown}
 u - a scroll of blinking {unknown}
Potions
 d - a potion of might
 e - 2 potions of agility {unknown}
 k - a potion of invisibility {unknown}
 m - a potion of magic {unknown}
 p - a potion of resistance {unknown}
Comestibles
 f - 3 bread rations
 j - 2 beef jerkies
 r - 6 chunks of flesh


   Skills:
 + Level 3.8 Fighting
 + Level 3.8 Maces & Flails
 + Level 4.1 Armour
 + Level 0.8 Dodging
 + Level 0.5 Stealth
 + Level 4.1 Shields


You had 4 spell levels left.
You didn't know any spells.

Dungeon Overview and Level Annotations

Branches:
Dungeon (4/15)
 Temple: D:4-7

Altars:
Zin


Innate Abilities, Weirdness & Mutations

You are resistant to torment.
Your stone body is resilient. (AC +4)
You are immune to poison.
You resist negative energy. (rN+)
You are resistant to electric shocks. (rElec)
You can survive without breathing.
You are immune to petrification.
You are immune to rotting.


Message History

The iguana bites you! The iguana bites you.
* * * LOW HITPOINT WARNING * * *
You barely miss the iguana.
The iguana is severely wounded.
The iguana bites you.
* * * LOW HITPOINT WARNING * * *
You hit the iguana but do no damage.
The iguana is severely wounded.
You are feeling hungry.
You block the iguana's attack.
You feel very mighty all of a sudden. The iguana bites you.
* * * LOW HITPOINT WARNING * * *
You barely miss the iguana.
The iguana is severely wounded.
The iguana bites you but does no damage.
You barely miss the iguana.
The iguana is severely wounded.
The iguana barely misses you. The iguana bites you.
You die...

# #.......# #.. ##......#
#..%.###......##########.#
..........l.......[).....#
##############.###########
#l# #......# #.# #..<...#
#.###......# #.l@'......#
#####......# #......#
#......# #......# ########


You could see an iguana.

Vanquished Creatures
  An orc priest (D:4)
  A worker ant zombie (D:2)
  7 adders
  An adder skeleton (D:2)
  A worm (D:2)
  2 dart slugs
  2 leopard geckos
  7 orcs
  A bat skeleton (D:2)
  7 giant cockroaches
  3 goblins
  8 hobgoblins
  A ball python (D:2)
  5 bats
  5 frilled lizards
  4 kobolds
  A leopard gecko zombie (D:2)
  8 rats
65 creatures vanquished.

Notes
Turn   | Place    | Note
-------+----------+-------------------------------------------
     0 | D:1      | grisgris the Gargoyle Fighter began the quest for the Orb.
     0 | D:1      | Reached XP level 1. HP: 14/14 MP: 1/1
   154 | D:1      | Reached XP level 2. HP: 19/19 MP: 2/2
   607 | D:1      | Reached XP level 3. HP: 18/23 MP: 3/3
  1072 | D:2      | Reached XP level 4. HP: 22/28 MP: 4/4
  1627 | D:3      | Found a glowing silver altar of Zin.
  1751 | D:3      | Reached XP level 5. HP: 33/33 MP: 5/5
  2408 | D:4      | Slain by an iguana

Skill      XL: |  1  2  3  4  5 |
---------------+----------------+-----
Maces & Flails | 3 |  3.8
Shields        | 4 |  4.1
Armour         | 4 |  4.1
Fighting       | |  3.8
Dodging        | |  0.8
Stealth        | |  0.5

Action                   |  1- 3 |  4- 6 || total
-------------------------+-------+-------++-------
Melee: Flail             |   147 |   149 ||   296
  Use: Potion            |       |     1 ||     1
  Eat: Chunk             |     1 |     4 ||     5
Armor: Scale mail        |    79 |    74 ||   153
Dodge: Dodged            |    47 |    35 ||    82
Block: Shield            |    78 |    77 ||   155
